AoeStats
← xxzxg_Nono

Fortress

510098437Analyzed
4v4 RM · 3d ago on Sep 29, 2026· 10m 9s· 8 players
Game mode
Random Map
Map size
Huge
Population
200
Speed
Normal
Resources
Standard
Victory
Conquest
Starting age
Dark Age
Ending age
Imperial Age
RankedLock teamsTeams togetherTeam positionsShared explorationLock speedFull tech treeHidden civsTurbo modeCheats
Victory
Defeat
🇹🇼 Persians · Taiwan
1037
+12
🇹🇼 Koreans · Taiwan
1030
+13
🇨🇳 Spanish · China
986
+15
🇹🇼 Burgundians · Taiwan
909
+17
🇫🇷 Chinese · France
995
-16
🇦🇷 Magyars · Argentina
950
-14
🇨🇳 Celts · China
946
-14
🇯🇵 Mongols · Japan
932
-13
not.matiasz
4:45 Loom
8:28 Feudal Age
missahmiccy
1:05 Loom
10:48 Feudal Age
XIXXIXXI
8:49 Feudal Age
9:37 Double-Bit Axe
9:34 Horse Collar
Donald
henry60515
1:37 Loom
8:19 Feudal Age
12:29 Castle Age
DTP.E-sports港仔
4:29 Loom
8:46 Feudal Age
xxzxg_Nono
6:07 Feudal Age
8:04 Double-Bit Axe
9:54 Horse Collar
恰恰小天王
1:16 Loom
7:47 Feudal Age
11:28 Castle Age
Connection lost

Rejoining the realm…

Still unreachable

The connection could not be restored.

Session expired

The server has moved on; the page needs a fresh start.